 Dungeon Crawl Stone Soup version 0.29.1-1-gd02db6906a (webtiles) character file.

Game seed: 11804414525684439246

1 Icepheonix32 the Gusty (level 1, -3/10 HPs)
             Began as a Deep Elf Air Elementalist on Oct 6, 2022.
             Frozen to death by an endoplasm (4 damage)
             ... on level 1 of the Dungeon.
             The game lasted 00:00:08 (84 turns).

Icepheonix32 the Gusty (Deep Elf Air Elementalist)    Turns: 84, Time: 00:00:09

Health: -3/10      AC:  2    Str:  5    XL:     1   Next: 16%
Magic:  6/6        EV: 12    Int: 19    God:
Gold:   0          SH:  0    Dex: 15    Spells: 5/6 levels left

rFire   . . .      SeeInvis .   (no weapon)
rCold   . . .      Faith    .   (no shield)
rNeg    . . .      Spirit   .   a - +0 robe
rPois   .          Reflect  .   (no helmet)
rElec   .          Harm     .   (no cloak)
rCorr   .          Rampage  .   (no gloves)
Will    .....                   (no boots)
Stlth   ++........              (no amulet)
HPRegen 0.03/turn               (no ring)
MPRegen 0.10/turn               (no ring)

@: no status effects
A: no striking features
a: no special abilities


You were on level 1 of the Dungeon.
You visited 1 branch of the dungeon, and saw 1 of its levels.

Inventory:

Armour
 a - a +0 robe (worn)
Potions
 b - a potion of magic


   Skills:
 + Level 2.6 Dodging
 + Level 2.4 Stealth
 + Level 3.0 Spellcasting
 * Level 1.1 Conjurations
 * Level 3.0 Air Magic


You had 5 spell levels left.
You knew the following spells:

 Your Spells              Type           Power      Damage    Failure   Level
a - Shock                 Conj/Air       40%        1d5       7%          1

Your spell library contained the following spells:

 Spells                   Type           Power      Damage    Failure   Level
 Static Discharge         Conj/Air       10%        3-5/arc   10%         2
 Swiftness                Air            14%        N/A       13%         3
 Airstrike                Air            7%         2d(1-17)  41%         4


Dungeon Overview and Level Annotations

Branches:
Dungeon (1/15)

Altars:
Uskayaw


Message History

You can't see any susceptible monsters within range! (Use Z to cast anyway.)
You can't see any susceptible monsters within range! (Use Z to cast anyway.)
You can't see any susceptible monsters within range! (Use Z to cast anyway.)
You can't see any susceptible monsters within range! (Use Z to cast anyway.)
You can't see any susceptible monsters within range! (Use Z to cast anyway.) Magic restored.
Found a leather armour.
Found a leather armour.
A giant cockroach comes into view.
Found 11 gold pieces and a leather armour.
A giant cockroach is nearby!
A kobold and an endoplasm come into view.
Found 12 gold pieces.
Found a hide-covered altar of Uskayaw.
The endoplasm quivers.
The giant cockroach bites you but does no damage.
The kobold shouts!
The giant cockroach barely misses you.
The giant cockroach bites you but does no damage.
The giant cockroach bites you but does no damage.
The endoplasm barely misses you.
The giant cockroach bites you but does no damage.
The endoplasm freezes you.
You are frozen.
Ouch! That really hurt!
The giant cockroach bites you but does no damage.
The endoplasm freezes you.
You are frozen.
* * * LOW HITPOINT WARNING * * *
The giant cockroach misses you.
The giant cockroach completely misses you.
The endoplasm hits you but does no damage.
The giant cockroach closely misses you. The endoplasm hits you.
* * * LOW HITPOINT WARNING * * *
The giant cockroach bites you.
* * * LOW HITPOINT WARNING * * *
The endoplasm misses you. The giant cockroach closely misses you.
The endoplasm freezes you.
You are frozen.
You die...

. .. . ###.# .##[..##
.## ## ..$..$#... ##.
#.._..#.$# ##.# .
$K......# #..# ...#
#BJ.##..# ###..#
.....#@###..# ###.....
.....?....#.# #...#.#.
............#####..#####
....[..[.(..##........#
##...#...##..#..#.#...#
#...#...###...####..###
.... #...# ##### ##....
.... #...# ##..# #...#
##..


You could see an endoplasm, a giant cockroach and a kobold.

Vanquished Creatures
  An endoplasm (D:1)
1 creature vanquished.

Notes
Turn   | Place    | Note
-------+----------+-------------------------------------------
     0 | D:1      | Icepheonix32 the Deep Elf Air Elementalist began the quest
                  | for the Orb.
     0 | D:1      | Reached XP level 1. HP: 10/10 MP: 6/6
    72 | D:1      | Found a hide-covered altar of Uskayaw.
    84 | D:1      | Frozen to death by an endoplasm

Illustrated notes

Levels and vault maps discovered:
D:1:      lemuel_arrival_tunnels, layout_basic, minmay_hexomino_r4

Action                   || total
-------------------------++-------
 Cast: Shock             ||     2
Armor: Robe              ||     6
Dodge: Dodged            ||     7
